 Dungeon Crawl Stone Soup version 0.26.1-2-gb8aa6d0cf2 (webtiles) character file.

Game seed: 5174149091871993021

19 growler the Gusty (level 2, -1/15 HPs)
             Began as a Tengu Air Elementalist on Feb 24, 2021.
             Slain by an adder (4 damage)
             ... on level 2 of the Dungeon.
             The game lasted 00:02:00 (1022 turns).

growler the Gusty (Tengu Air Elementalist)          Turns: 1022, Time: 00:02:01

Health: -1/15      AC:  2    Str:  8    XL:     2   Next: 75%
Magic:  0/6        EV: 15    Int: 15    God:
Gold:   42         SH:  0    Dex: 14    Spells: 4/5 levels left

rFire    . . .     SeeInvis .   d - +0 short sword
rCold    . . .     Faith    .   (no shield)
rNeg     . . .     Spirit   .   a - +0 robe
rPois    .         Reflect  .   (helmet restricted)
rElec    .         Harm     .   (no cloak)
rCorr    .         Rampage  .   (no gloves)
Will     .....                  (boots unavailable)
Stlth    ++........             (no amulet)
HPRegen  0.05/turn              (no ring)
MPRegen  0.10/turn              (no ring)

@: lethally poisoned (-1 -> -9), flying quickly and evasively, quick
A: beak, talons 3
a: no special abilities


You were on level 2 of the Dungeon.
You visited 1 branch of the dungeon, and saw 2 of its levels.

You collected 42 gold pieces.

Inventory:

Hand Weapons
 d - a +0 short sword (weapon)
   (You took it off a kobold on level 1 of the Dungeon)
Armour
 a - a +0 robe (worn)
Scrolls
 b - a scroll of identify {unknown}
 g - 2 scrolls of teleportation {unknown}
Potions
 c - a potion of flight
 e - a potion of brilliance {unknown}
 f - a potion of heal wounds {unknown}


   Skills:
 - Level 2.1 Dodging
 - Level 2.0 Stealth
 + Level 2.3 Spellcasting
 + Level 2.3 Conjurations
 + Level 4.4 Air Magic


You had 4 spell levels left.
You knew the following spells:

 Your Spells              Type           Power        Failure   Level
a - Shock                 Conj/Air       44%          5%          1

Your spell library contained the following spells:

 Spells                   Type           Power        Failure   Level
 Swiftness                Air            15%          5%          2
 Static Discharge         Conj/Air       11%          16%         3
 Airstrike                Air            7%           34%         4
 Lightning Bolt           Conj/Air       5%           83%         5


Dungeon Overview and Level Annotations

Branches:
Dungeon (2/15)

Altars:


Innate Abilities, Weirdness & Mutations

You have a beak for a mouth.
You have claws for feet.


Message History

You miscast Shock.
Nothing appears to happen.
The leopard gecko bites you.
Really attack while wielding nothing? [Y]es or [N]o only, please.
Really attack while wielding nothing? [Y]es or [N]o only, please.
Really attack while wielding nothing? [Y]es or [N]o only, please.
Really attack while wielding nothing?
Okay, then.
d - a +0 short sword (weapon)
The leopard gecko bites you.
You hit the leopard gecko. The leopard gecko closely misses you.
An adder comes into view.
Found a stone staircase leading down.
The adder hisses angrily.
The leopard gecko bites you. The leopard gecko misses you.
The leopard gecko barely misses you. The leopard gecko barely misses you.
Your magical contamination has completely faded away.
You hit the leopard gecko but do no damage.
Your kick misses the leopard gecko. Your peck misses the leopard gecko.
The leopard gecko bites you.
* * * LOW HITPOINT WARNING * * *
You miscast Shock.
You are very lightly contaminated with residual magic.
Nothing appears to happen.
The leopard gecko bites you but does no damage.
You miss the leopard gecko. Your kick misses the leopard gecko.
Your peck misses the leopard gecko. The leopard gecko barely misses you.
The leopard gecko bites you but does no damage.
The zap hits the leopard gecko.
You kill the leopard gecko!
The zap hits the adder. x2
You hit the adder. The adder closely misses you. The adder barely misses you.
You barely miss the adder. The adder barely misses you.
You hit the adder but do no damage. The adder barely misses you.
The adder misses you.
You hit the adder but do no damage. Your kick misses the adder.
Your peck misses the adder. The adder misses you.
Your magical contamination has completely faded away.
You hit the adder. The adder bites you.
* * * LOW HITPOINT WARNING * * *
You are lethally poisoned!
The adder poisons you!
It was a potion of flight.
You feel very buoyant.
You swoop lightly up into the air.
* * * LOW HITPOINT WARNING * * *
You feel sick. The adder bites you.
You die...

#...#.#.#.#.#.#.#.# ######
#...#.#.#.#.#.#.#†#
#....#####.####.###.###.###.
+.............###.###.######
#.....#....................
#.....####.###.##...#...###
#..........# #.##.#<.......
#.........####.##.#########
#....###..S@##..... #....#
#..#.######.#
+#+####S###..#..†.....#
..>.....................
P...###.......######..#. ..
###......†.# .# #......#.#
......#.# # ..?######.#


You could see an adder.

Vanquished Creatures
  2 leopard geckos
  A giant cockroach (D:2)
  5 hobgoblins
  5 kobolds
  2 frilled lizards (D:1)
  A rat (D:2)
16 creatures vanquished.

Notes
Turn   | Place    | Note
-------+----------+-------------------------------------------
     0 | D:1      | growler the Tengu Air Elementalist began the quest for the
                  | Orb.
     0 | D:1      | Reached XP level 1. HP: 10/10 MP: 4/4
   232 | D:1      | Reached XP level 2. HP: 15/15 MP: 3/6
  1022 | D:2      | Slain by an adder

Illustrated notes

Levels and vault maps discovered:
D:1:      matt_arrival_refuge, layout_loops_ring
D:2:      minmay_evil_eye, layout_basic, gammafunk_temple_overflow_pools,
          kennysheep_another_room, serial_bayou_pond_a, grunt_decor_resistance,
          minmay_tetromino_l4, uniq_natasha

Skill      XL: |  1  2 |
---------------+-------+-----
Conjurations   | 2 |  2.3
Dodging        | |  2.1
Stealth        | |  2.0
Spellcasting   | |  2.3
Air Magic      | |  4.4

Action                   || total
-------------------------++-------
Melee: Short sword       ||     8
 Cast: Shock             ||    28
  Use: Potion            ||     1
Armor: Robe              ||     2
Dodge: Dodged            ||    17
